[Event "Rated Blitz tournament 26XVe6Gp"]
[Site "?"]
[Date "2021.05.09"]
[Round "?"]
[White "Pepeoutai"]
[Black "Kingwannabe"]
[Result "1-0"]
[ECO "C46"]
[WhiteElo "2369"]
[BlackElo "2449"]
[PlyCount "127"]
[EventDate "2021.??.??"]
[EventType "blitz"]
[TimeControl "180"]

1. e4 Nf6 2. Nc3 e5 3. Nf3 Nc6 4. Nxe5 Nxe5 5. d4 Ng6 6. e5 Ng8 7. Bc4 Bb4 8.
Qf3 Qe7 9. O-O Bxc3 10. bxc3 d6 11. Bb2 dxe5 12. Rfe1 Be6 13. Qxb7 Rd8 14. Bb5+
Kf8 15. a4 c5 16. Qxe7+ N8xe7 17. Ba3 cxd4 18. cxd4 exd4 19. Rad1 h5 20. g3 h4
21. f4 Rh5 22. Re4 hxg3 23. hxg3 Kg8 24. Rexd4 Rxd4 25. Rxd4 Nf5 26. Rd8+ Kh7
27. g4 Rh4 28. gxf5 Bxf5 29. Bd3 Bxd3 30. Rxd3 Rxf4 31. a5 Ne5 32. Rh3+ Kg6 33.
Bd6 Re4 34. Rg3+ Kf6 35. Bf8 g6 36. Rc3 Ke6 37. Rc7 Kf5 38. Rxa7 Rc4 39. Bg7
Rxc2 40. Bxe5 Kxe5 41. Rxf7 Ke4 42. a6 Ra2 43. a7 Ke5 44. Rb7 g5 45. Rb5+ Kf4
46. Rb7 Kg3 47. Rb3+ Kh4 48. Rb7 g4 49. Kf1 Kh3 50. Rh7+ Kg3 51. Rb7 Ra1+ 52.
Ke2 Ra2+ 53. Kf1 Ra3 54. Rb3+ Rxb3 55. a8=Q Rb1+ 56. Ke2 Rb2+ 57. Ke3 Rb3+ 58.
Kd2 Rf3 59. Ke2 Rf2+ 60. Ke1 Rf3 61. Qb8+ Kg2 62. Qg8 g3 63. Qg4 Rf2 64. Qe4+ {
Time forfeit} 1-0

[Event "Rated Blitz tournament 4ja4glRM"]
[Site "?"]
[Date "2021.05.09"]
[Round "?"]
[White "sim13a"]
[Black "Torjaeger10"]
[Result "1-0"]
[ECO "C46"]
[WhiteElo "2405"]
[BlackElo "2343"]
[PlyCount "49"]
[EventDate "2021.??.??"]
[EventType "blitz"]
[TimeControl "180"]

1. e4 e5 2. Nf3 Nc6 3. Nc3 Nf6 4. Nxe5 Nxe5 5. d4 Nc6 6. d5 Ne5 7. f4 Ng6 8. e5
Ng8 9. d6 Nh6 10. Nb5 cxd6 11. exd6 Bxd6 12. Nxd6+ Kf8 13. Bc4 Qe7+ 14. Kf2
Ng4+ 15. Qxg4 Qxd6 16. Be3 Qc7 17. f5 Ne5 18. Qf4 Qxc4 19. Qxe5 Qxc2+ 20. Kg3
d5 21. Rhe1 Bxf5 22. Rac1 Qd3 23. Rc3 Qa6 24. Bc5+ Kg8 25. Qe8+ {Normal} 1-0

[Event "Rated Blitz game"]
[Site "?"]
[Date "2021.05.08"]
[Round "?"]
[White "modernpetrosian"]
[Black "mesterseen"]
[Result "1-0"]
[ECO "C46"]
[WhiteElo "2438"]
[BlackElo "2358"]
[PlyCount "85"]
[EventDate "2021.??.??"]
[EventType "blitz"]
[TimeControl "180"]

1. e4 e5 2. Nf3 Nc6 3. Nc3 Nf6 4. Nxe5 Nxe5 5. d4 Ng6 6. e5 Bb4 7. exf6 Qxf6 8.
Qe2+ Kd8 9. Be3 Re8 10. O-O-O Bxc3 11. bxc3 d5 12. c4 Qa6 13. Kb2 Be6 14. cxd5
Qb6+ 15. Ka1 Bxd5 16. c4 Be4 17. Qd2 a5 18. Be2 Qb4 19. h4 Qxd2 20. Rxd2 Bxg2
21. Rg1 Be4 22. h5 Ne7 23. Rxg7 Rf8 24. f3 Nf5 25. Bg5+ Kd7 26. Rxh7 Bc6 27. d5
Ba4 28. Bd3 Nd4 29. Rg7 Nxf3 30. Bf5+ Kd6 31. Bf4+ Kc5 32. Rf2 Nd4 33. Be3 Kxc4
34. Rg4 c5 35. Rxd4+ cxd4 36. Rf4 Kxd5 37. Rxd4+ Ke5 38. Bg4 Rad8 39. Rxd8 Rxd8
40. Kb2 Rd3 41. Bd2 b5 42. Bc3+ Kd5 43. Be2 {Time forfeit} 1-0

[Event "Rated Blitz game"]
[Site "?"]
[Date "2021.05.08"]
[Round "?"]
[White "mulnachnit"]
[Black "Stallion28"]
[Result "1-0"]
[ECO "C46"]
[WhiteElo "2396"]
[BlackElo "2441"]
[PlyCount "23"]
[EventDate "2021.??.??"]
[EventType "blitz"]
[TimeControl "180"]

1. e4 e5 2. Nc3 Nf6 3. Nf3 Nc6 4. Nxe5 Nxe5 5. d4 Ng6 6. e5 Ng8 7. Bc4 N8e7 8.
Qf3 d5 9. exd6 Qxd6 10. Bxf7+ Kd8 11. Ne4 Qf6 12. Nxf6 {Normal} 1-0

[Event "Rated Blitz game"]
[Site "?"]
[Date "2021.05.08"]
[Round "?"]
[White "KBPL_JUNIOR"]
[Black "JoeAssaad"]
[Result "0-1"]
[ECO "C46"]
[WhiteElo "2371"]
[BlackElo "2442"]
[PlyCount "68"]
[EventDate "2021.??.??"]
[EventType "blitz"]
[TimeControl "180"]

1. e4 Nf6 2. Nc3 e5 3. Nf3 Nc6 4. Nxe5 Nxe5 5. d4 Ng6 6. e5 Ng8 7. Bc4 d5 8.
Bxd5 c6 9. Bb3 Bb4 10. O-O Bxc3 11. bxc3 Be6 12. f4 N8e7 13. Ba3 Qd7 14. Bd6 h5
15. Qe2 Nf5 16. Ba3 O-O-O 17. Rad1 Kb8 18. Rb1 Ka8 19. Bc5 h4 20. Rb2 Bxb3 21.
axb3 b6 22. Bb4 Rhe8 23. Qa6 Qb7 24. Ra1 h3 25. g3 c5 26. Qxb7+ Kxb7 27. dxc5
Rd2 28. c6+ Kxc6 29. Rxa7 Red8 30. Rb1 Rg2+ 31. Kh1 Rdd2 32. Rxf7 Rxh2+ 33. Kg1
Rdg2+ 34. Kf1 Rh1# {Normal} 0-1

[Event "Rated Blitz tournament L5oWEcsf"]
[Site "?"]
[Date "2021.05.08"]
[Round "?"]
[White "sim13a"]
[Black "The_Chess_Experience"]
[Result "1/2-1/2"]
[ECO "C46"]
[WhiteElo "2404"]
[BlackElo "2574"]
[PlyCount "72"]
[EventDate "2021.??.??"]
[EventType "blitz"]
[TimeControl "300"]

1. e4 e5 2. Nf3 Nc6 3. Nc3 Nf6 4. Nxe5 Nxe5 5. d4 Ng6 6. e5 Ng8 7. Bc4 d5 8.
Bxd5 c6 9. Bb3 Bb4 10. O-O Bxc3 11. bxc3 N8e7 12. h4 h5 13. f4 Bg4 14. Qe1 Qd7
15. Ba3 Be6 16. Rd1 Nf5 17. c4 Qc7 18. d5 cxd5 19. cxd5 Qb6+ 20. Kh2 Bd7 21. e6
fxe6 22. dxe6 Bb5 23. Rf3 Ngxh4 24. Rc3 Bc6 25. Bd5 Rc8 26. e7 Bd7 27. Rxc8+
Bxc8 28. Bb3 Bd7 29. Rxd7 Kxd7 30. Ba4+ Kc7 31. e8=Q Rxe8 32. Qxe8 Qd4 33. Qf7+
Kb6 34. Qb3+ Kc7 35. Qf7+ Kb6 36. Qb3+ Kc7 {Normal} 1/2-1/2

[Event "Rated Blitz tournament L5oWEcsf"]
[Site "?"]
[Date "2021.05.08"]
[Round "?"]
[White "sim13a"]
[Black "Zhigalko_Andrey"]
[Result "0-1"]
[ECO "C46"]
[WhiteElo "2384"]
[BlackElo "2620"]
[PlyCount "142"]
[EventDate "2021.??.??"]
[EventType "blitz"]
[TimeControl "300"]

1. e4 e5 2. Nf3 Nc6 3. Nc3 Nf6 4. Nxe5 Nxe5 5. d4 Nc6 6. d5 Bb4 7. dxc6 bxc6 8.
Bd3 O-O 9. O-O Re8 10. Qf3 Rb8 11. Bg5 Bd6 12. Rab1 Be5 13. Bf4 Qe7 14. Rfe1 d6
15. h3 Rxb2 16. Rxb2 Bxc3 17. Rbb1 Bxe1 18. Rxe1 Nd7 19. Bd2 Ne5 20. Qe3 c5 21.
f4 Nxd3 22. cxd3 Be6 23. a3 Rb8 24. f5 Bd7 25. Bc3 f6 26. d4 cxd4 27. Qxd4 a6
28. Bb4 c5 29. Qd5+ Qf7 30. Qxd6 Re8 31. Bxc5 Bb5 32. Re3 h6 33. Kh2 Kh7 34.
Bd4 Qd7 35. Qb4 Rc8 36. Qe1 Qxd4 37. Qg3 Qe5 38. Rb3 Rc4 39. Re3 Rxe4 40. Qxe5
Rxe5 41. Rf3 Re4 42. g4 Ra4 43. Kg3 Kg8 44. Rc3 Kf7 45. Kf2 Kf8 46. Ke3 Be8 47.
Kf3 Ke7 48. Kg3 Bd7 49. h4 Kd6 50. Rd3+ Kc7 51. Rc3+ Bc6 52. Re3 Kd6 53. Rd3+
Bd5 54. Re3 Re4 55. Rc3 Ke5 56. Rd3 h5 57. gxh5 Rd4 58. Rc3 Be4 59. Rc5+ Rd5
60. Rc8 Rd3+ 61. Kf2 Kf4 62. h6 gxh6 63. h5 Rxa3 64. Rb8 Ra2+ 65. Ke1 Bxf5 66.
Rb4+ Ke3 67. Rb3+ Bd3 68. Rb1 Bxb1 69. Kd1 Bd3 70. Kc1 a5 71. Kd1 Ra1# {Normal}
0-1

[Event "Rated Blitz game"]
[Site "?"]
[Date "2021.05.08"]
[Round "?"]
[White "KBPL_JUNIOR"]
[Black "JoeAssaad"]
[Result "1-0"]
[ECO "C46"]
[WhiteElo "2369"]
[BlackElo "2444"]
[PlyCount "91"]
[EventDate "2021.??.??"]
[EventType "blitz"]
[TimeControl "180"]

1. e4 Nf6 2. Nc3 e5 3. Nf3 Nc6 4. Nxe5 Nxe5 5. d4 Ng6 6. e5 Ng8 7. Bc4 d5 8.
Bxd5 c6 9. Bb3 Bb4 10. O-O Bxc3 11. bxc3 Be6 12. f4 N8e7 13. Ba3 h5 14. Qd3 Qd7
15. Bd6 O-O-O 16. Rab1 Nf5 17. Bc5 a6 18. Bb6 Rde8 19. c4 Nfe7 20. Rbd1 Bg4 21.
Rb1 Bf5 22. Qd2 Be6 23. Rbd1 Bg4 24. Rb1 Be6 25. h3 Nh4 26. Rbd1 Kb8 27. d5
cxd5 28. cxd5 Bf5 29. d6 Nc6 30. Bd5 f6 31. Bc7+ Ka8 32. Qf2 g5 33. Rb1 fxe5
34. Rxb7 Nd4 35. c3 Be6 36. cxd4 Bxd5 37. Rb6 e4 38. Rfb1 Qa4 39. Qb2 e3 40.
Qb4 Rb8 41. Qxa4 Rxb6 42. Rxb6 Bb7 43. Qb5 Nf3+ 44. Kh1 Rb8 45. Rxa6+ Bxa6 46.
Qxa6# {Normal} 1-0

[Event "Rated Blitz game"]
[Site "?"]
[Date "2021.05.07"]
[Round "?"]
[White "GoughPhar"]
[Black "Gillamenace"]
[Result "1-0"]
[ECO "C46"]
[WhiteElo "2463"]
[BlackElo "2376"]
[PlyCount "57"]
[EventDate "2021.??.??"]
[EventType "blitz"]
[TimeControl "180"]

1. e4 e5 2. Nf3 Nc6 3. Nc3 Nf6 4. Nxe5 Nxe5 5. d4 Bb4 6. dxe5 Nxe4 7. Qd4 Bxc3+
8. bxc3 f5 9. Bc4 c6 10. f3 d5 11. fxe4 dxc4 12. Qxc4 Qh4+ 13. g3 Qxe4+ 14.
Qxe4 fxe4 15. Rf1 Bh3 16. Rf4 Bg2 17. Be3 O-O-O 18. Bxa7 Rhe8 19. Bd4 c5 20.
Bxc5 Rxe5 21. Bd4 Rb5 22. Rf7 Rh5 23. h4 g5 24. Kf2 Bf3 25. Rb1 Rd7 26. Rf8+
Kc7 27. Be5+ Kc6 28. Rf6+ Kd5 29. Bd4 {Normal} 1-0

[Event "Rated Blitz game"]
[Site "?"]
[Date "2021.05.07"]
[Round "?"]
[White "a_ermkw_19"]
[Black "Phara0h1"]
[Result "1-0"]
[ECO "C46"]
[WhiteElo "2300"]
[BlackElo "2406"]
[PlyCount "67"]
[EventDate "2021.??.??"]
[EventType "blitz"]
[TimeControl "180"]

1. e4 e5 2. Nf3 Nc6 3. Nc3 Nf6 4. Nxe5 Nxe5 5. d4 Ng6 6. e5 Ng8 7. Bc4 d6 8.
Qf3 Be6 9. Qxb7 Bxc4 10. Qc6+ Ke7 11. Qxc4 dxe5 12. O-O Qxd4 13. Nd5+ Kd6 14.
Qxc7+ Kxd5 15. Qd7+ Bd6 16. Be3 Nf6 17. Qb7+ Ke6 18. Bxd4 exd4 19. Rae1+ Ne5
20. f4 Rab8 21. Qxa7 Rxb2 22. Qxd4 Rb5 23. fxe5 Rxe5 24. Rxe5+ Bxe5 25. Re1 Nd7
26. Qg4+ f5 27. Qxg7 Rc8 28. Qxh7 Rxc2 29. h4 Kd6 30. Qxf5 Rxa2 31. Qd3+ Ke7
32. Qb3 Ra6 33. Rxe5+ Nxe5 34. Qb7+ {Normal} 1-0

[Event "Rated Blitz game"]
[Site "?"]
[Date "2021.05.07"]
[Round "?"]
[White "modernpetrosian"]
[Black "superguti"]
[Result "1-0"]
[ECO "C46"]
[WhiteElo "2433"]
[BlackElo "2353"]
[PlyCount "67"]
[EventDate "2021.??.??"]
[EventType "blitz"]
[TimeControl "180"]

1. e4 e5 2. Nf3 Nc6 3. Nc3 Nf6 4. Nxe5 Nxe5 5. d4 d6 6. dxe5 dxe5 7. Qxd8+ Kxd8
8. Bg5 c6 9. Bc4 Ke8 10. a4 h6 11. Be3 Ng4 12. Bd2 Bc5 13. O-O Be6 14. Bxe6
fxe6 15. h3 Nf6 16. a5 Rd8 17. Rfd1 Ke7 18. Kf1 Rhf8 19. Ke2 Bd4 20. f3 Nh5 21.
Na4 Nf4+ 22. Ke1 Nxg2+ 23. Ke2 Nf4+ 24. Bxf4 exf4 25. c3 Be3 26. b4 b6 27. Nb2
b5 28. Nd3 Kf6 29. Ne1 e5 30. Nc2 a6 31. Nxe3 fxe3 32. Kxe3 Ke6 33. h4 Rf4 34.
Rxd8 {Normal} 1-0

[Event "Rated Blitz tournament AzLKHX18"]
[Site "?"]
[Date "2021.05.07"]
[Round "?"]
[White "Hikari-Kun"]
[Black "lider_1"]
[Result "1-0"]
[ECO "C46"]
[WhiteElo "2516"]
[BlackElo "2459"]
[PlyCount "33"]
[EventDate "2021.??.??"]
[EventType "blitz"]
[TimeControl "180"]

1. e4 Nf6 2. Nc3 e5 3. Nf3 Nc6 4. Nxe5 Nxe5 5. d4 Ng6 6. e5 Bb4 7. exf6 Qxf6 8.
Bd3 Qxd4 9. O-O O-O 10. Be3 Qh4 11. Nb5 a6 12. Nxc7 Bd6 13. g3 Qh3 14. Nxa8 Nh4
15. Be4 f5 16. Qd5+ Kh8 17. Qxd6 {Normal} 1-0

[Event "Rated Rapid game"]
[Site "?"]
[Date "2021.05.07"]
[Round "?"]
[White "Tactics_for_the_win"]
[Black "GarayS2018"]
[Result "1-0"]
[ECO "C46"]
[WhiteElo "2401"]
[BlackElo "2267"]
[PlyCount "74"]
[EventDate "2021.??.??"]
[EventType "rapid"]
[TimeControl "600"]

1. e4 e5 2. Nf3 Nc6 3. Nc3 Nf6 4. Nxe5 Nxe5 5. d4 Ng6 6. e5 Ng8 7. Bc4 Bb4 8.
Qf3 Bxc3+ 9. bxc3 Qe7 10. O-O Nh6 11. Bxh6 gxh6 12. Rae1 c6 13. Bd3 O-O 14. Qg3
Qg5 15. f4 Qxg3 16. hxg3 f5 17. g4 Ne7 18. gxf5 Nxf5 19. g4 Ng7 20. f5 b5 21.
f6 Ne6 22. Kf2 b4 23. Ke3 bxc3 24. Rh1 c5 25. d5 Nc7 26. Rxh6 Nxd5+ 27. Kf2 d6
28. Bxh7+ Kf7 29. Bg6+ Ke6 30. Bf5+ Kf7 31. e6+ Ke8 32. Bg6+ Kd8 33. g5 Kc7 34.
e7 Nxe7 35. Rxe7+ Kb6 36. f7 Ba6 37. Be4 Bc4 {Normal} 1-0

[Event "Rated Blitz game"]
[Site "?"]
[Date "2021.05.07"]
[Round "?"]
[White "vladlitus"]
[Black "axper89"]
[Result "1-0"]
[ECO "C46"]
[WhiteElo "2416"]
[BlackElo "2459"]
[PlyCount "87"]
[EventDate "2021.??.??"]
[EventType "blitz"]
[TimeControl "180"]

1. e4 e5 2. Nc3 Nc6 3. Nf3 Nf6 4. Nxe5 Nxe5 5. d4 d6 6. dxe5 dxe5 7. Qxd8+ Kxd8
8. Bc4 Ke8 9. f3 Bb4 10. Bd2 c6 11. O-O-O Ke7 12. Nd5+ Nxd5 13. exd5 Bxd2+ 14.
Kxd2 cxd5 15. Bxd5 Be6 16. Bxe6 Kxe6 17. Ke3 Rad8 18. g4 f5 19. gxf5+ Kxf5 20.
Rhg1 g5 21. h3 h6 22. c3 Rhe8 23. a4 a5 24. b4 axb4 25. cxb4 b6 26. Rxd8 Rxd8
27. Ra1 Ra8 28. a5 bxa5 29. bxa5 Ra6 30. Ra4 Kf6 31. Kd3 Kf5 32. Kc4 h5 33. Kb5
Ra8 34. a6 Rb8+ 35. Kc6 Rc8+ 36. Kb7 Re8 37. a7 Re7+ 38. Kc6 Rxa7 39. Rxa7 Kf4
40. Kd5 Kxf3 41. Kxe5 g4 42. Ra3+ Kg2 43. hxg4 hxg4 44. Kf4 {Normal} 1-0

[Event "Rated Blitz game"]
[Site "?"]
[Date "2021.05.07"]
[Round "?"]
[White "kingsolver2018"]
[Black "Voorzitter-HMC"]
[Result "1-0"]
[ECO "C46"]
[WhiteElo "2424"]
[BlackElo "2498"]
[PlyCount "43"]
[EventDate "2021.??.??"]
[EventType "blitz"]
[TimeControl "180"]

1. e4 e5 2. Nf3 Nf6 3. Nc3 Nc6 4. Nxe5 Nxe5 5. d4 Nc6 6. e5 d6 7. exf6 Qxf6 8.
Be3 Bf5 9. Bb5 Qg6 10. Qf3 Bd7 11. O-O-O O-O-O 12. Bxc6 bxc6 13. d5 Bg4 14. Qf4
Bxd1 15. Rxd1 c5 16. Qa4 Rd7 17. Qxa7 Kd8 18. Re1 Re7 19. Nb5 f6 20. Qb8+ Kd7
21. Qxc7+ Ke8 22. Nxd6# {Normal} 1-0

[Event "Rated Blitz game"]
[Site "?"]
[Date "2021.05.07"]
[Round "?"]
[White "mulnachnit"]
[Black "blindfish"]
[Result "1-0"]
[ECO "C46"]
[WhiteElo "2380"]
[BlackElo "2430"]
[PlyCount "31"]
[EventDate "2021.??.??"]
[EventType "blitz"]
[TimeControl "180"]

1. e4 e5 2. Nc3 Nc6 3. Nf3 Nf6 4. Nxe5 Nxe5 5. d4 Nxe4 6. Nxe4 Ng6 7. Bd3 d5 8.
Ng5 Be7 9. Qh5 Bd7 10. O-O Kf8 11. f4 Kg8 12. Nxf7 Kxf7 13. f5 Bf6 14. fxg6+
hxg6 15. Bxg6+ Kf8 16. Qxh8+ {Normal} 1-0

[Event "Rated Blitz game"]
[Site "?"]
[Date "2021.05.07"]
[Round "?"]
[White "wine_on_the_forest"]
[Black "hadibeabisibe"]
[Result "0-1"]
[ECO "C46"]
[WhiteElo "2403"]
[BlackElo "2374"]
[PlyCount "40"]
[EventDate "2021.??.??"]
[EventType "blitz"]
[TimeControl "180"]

1. e4 e5 2. Nf3 Nc6 3. Nc3 Nf6 4. Nxe5 Nxe5 5. d4 Nc6 6. d5 Ne5 7. f4 Ng6 8. e5
Ng8 9. d6 cxd6 10. exd6 Qf6 11. Qf3 Bxd6 12. Bd2 Bxf4 13. O-O-O Bxd2+ 14. Rxd2
Qxf3 15. gxf3 Nf6 16. Re2+ Kd8 17. h4 Re8 18. h5 Rxe2 19. Bxe2 Nf4 20. Bc4 d5 {
Normal} 0-1

[Event "Rated Blitz game"]
[Site "?"]
[Date "2021.05.07"]
[Round "?"]
[White "KILLER_OPG"]
[Black "MaugreyFolOeil"]
[Result "0-1"]
[ECO "C46"]
[WhiteElo "2297"]
[BlackElo "2404"]
[PlyCount "50"]
[EventDate "2021.??.??"]
[EventType "blitz"]
[TimeControl "180"]

1. e4 e5 2. Nf3 Nc6 3. Nc3 Nf6 4. Nxe5 Nxe5 5. d4 Ng6 6. e5 Ng8 7. Bc4 d6 8.
exd6 Bxd6 9. O-O N8e7 10. Re1 O-O 11. Bg5 h6 12. Be3 c6 13. Qd3 Bf5 14. Qe2 Qc7
15. h3 Rae8 16. Rad1 b5 17. Bb3 b4 18. Nb1 Nd5 19. Qh5 Nge7 20. Nd2 Bg6 21. Qg4
f5 22. Qf3 f4 23. Nc4 fxe3 24. Rxe3 Rxf3 25. gxf3 Nf5 {Normal} 0-1

[Event "Rated Blitz game"]
[Site "?"]
[Date "2021.05.07"]
[Round "?"]
[White "rob188"]
[Black "AndyIOC"]
[Result "0-1"]
[ECO "C46"]
[WhiteElo "2542"]
[BlackElo "2384"]
[PlyCount "114"]
[EventDate "2021.??.??"]
[EventType "blitz"]
[TimeControl "180"]

1. e4 e5 2. Nc3 Nc6 3. Nf3 Nf6 4. Nxe5 Nxe5 5. d4 Ng6 6. e5 Bb4 7. exf6 Qxf6 8.
Bc4 O-O 9. O-O c6 10. Ne4 Qe7 11. Bd3 d5 12. Ng3 Be6 13. Qh5 Qd7 14. h3 Rfe8
15. Nf5 Bxf5 16. Bxf5 Qd6 17. g3 c5 18. c3 Ba5 19. dxc5 Qa6 20. b4 Bc7 21. a4
Qc4 22. Bxg6 hxg6 23. Qd1 Rad8 24. Qd4 Qe2 25. Bf4 Re4 26. Bxc7 Rxd4 27. cxd4
Re8 28. Rfe1 Qxe1+ 29. Rxe1 Rxe1+ 30. Kg2 Ra1 31. a5 a6 32. Bb6 Kf8 33. Kf3 Ke8
34. b5 axb5 35. Ke3 Kd7 36. Kd3 Kc6 37. Kc3 Rf1 38. f4 Rf3+ 39. Kb4 Rxg3 40. h4
Rg4 41. f5 gxf5 42. h5 f4 43. Kc3 f3 44. h6 gxh6 45. a6 bxa6 46. Kd3 Re4 47.
Ba5 f2 48. Kc3 f1=Q 49. Kb4 Qc4+ 50. Ka3 Re3+ 51. Kb2 Qe2+ 52. Kc1 Rf3 53. Bd2
Rf2 54. Kc2 Qxd2+ 55. Kb3 Qd3+ 56. Kb4 Qc4+ 57. Ka5 Ra2# {Normal} 0-1

[Event "Rated Blitz tournament dhLv0a2C"]
[Site "?"]
[Date "2021.05.06"]
[Round "?"]
[White "Starinov"]
[Black "PJatoba"]
[Result "1-0"]
[ECO "C46"]
[WhiteElo "2412"]
[BlackElo "2381"]
[PlyCount "141"]
[EventDate "2021.??.??"]
[EventType "blitz"]
[TimeControl "180"]

1. e4 e5 2. Nf3 Nc6 3. Nc3 Nf6 4. Nxe5 Nxe5 5. d4 Nc6 6. e5 Bb4 7. exf6 Qxf6 8.
Be3 O-O 9. Bd3 d5 10. O-O Bxc3 11. bxc3 Bf5 12. Rb1 b6 13. Qf3 Ne7 14. Rfe1
Rfe8 15. Bf4 Bxd3 16. cxd3 c6 17. Qg4 Qf5 18. Qxf5 Nxf5 19. f3 f6 20. g4 Nh4
21. Kf2 Kf7 22. Bg3 Ng6 23. h4 Rxe1 24. Rxe1 Re8 25. Rb1 Nf8 26. h5 Ne6 27. a4
Re7 28. Bb8 Rb7 29. Bg3 a6 30. f4 b5 31. f5 Nd8 32. Bd6 Rd7 33. Bc5 Nb7 34. Ba3
Rd8 35. Ke3 Re8+ 36. Kd2 Na5 37. Bb4 Nb7 38. axb5 cxb5 39. Ra1 Ra8 40. Re1 Re8
41. Ra1 Ra8 42. c4 dxc4 43. dxc4 bxc4 44. Kc3 a5 45. Kxc4 Rc8+ 46. Bc5 Nd6+ 47.
Kd5 Nb7 48. Rb1 Nd8 49. Re1 Nc6 50. Kc4 g6 51. h6 gxf5 52. gxf5 Re8 53. Rg1 Rg8
54. Rxg8 Kxg8 55. Kb5 Nd8 56. Kxa5 Nf7 57. Kb6 Nxh6 58. Kc6 Nxf5 59. d5 Kf7 60.
Kd7 h5 61. Bg1 Ne7 62. d6 Nf5 63. Bh2 h4 64. Kc7 h3 65. d7 Nd4 66. d8=N+ Kg6
67. Kd6 Nf3 68. Bg3 h2 69. Bxh2 Nxh2 70. Ne6 f5 71. Ke5 {Time forfeit} 1-0

[Event "Rated Blitz game"]
[Site "?"]
[Date "2021.05.06"]
[Round "?"]
[White "GoughPhar"]
[Black "rusty_brain"]
[Result "1-0"]
[ECO "C46"]
[WhiteElo "2446"]
[BlackElo "2294"]
[PlyCount "65"]
[EventDate "2021.??.??"]
[EventType "blitz"]
[TimeControl "180"]

1. e4 e5 2. Nf3 Nc6 3. Nc3 Nf6 4. Nxe5 Nxe5 5. d4 Bb4 6. dxe5 Nxe4 7. Qd4 Nxc3
8. bxc3 Be7 9. Bd3 O-O 10. h4 d6 11. Qe4 g6 12. h5 Bf5 13. Qe2 Bxd3 14. cxd3
dxe5 15. hxg6 fxg6 16. Bh6 Rf5 17. Rb1 Qd5 18. O-O Rh5 19. Be3 e4 20. dxe4 Qxe4
21. Rfd1 Bd6 22. f3 Qe5 23. Qc4+ Kf8 24. Bd4 Rh1+ 25. Kf2 Qg3+ 26. Ke2 Qxg2+
27. Kd3 Qxf3+ 28. Kc2 Rxd1 29. Rxd1 Qe4+ 30. Kb3 g5 31. Rf1+ Bf4 32. Bc5+ Ke8
33. Qxe4+ {Normal} 1-0

[Event "Rated Blitz tournament qNPGVHBL"]
[Site "?"]
[Date "2021.05.06"]
[Round "?"]
[White "Starinov"]
[Black "PJatoba"]
[Result "1-0"]
[ECO "C46"]
[WhiteElo "2412"]
[BlackElo "2377"]
[PlyCount "79"]
[EventDate "2021.??.??"]
[EventType "blitz"]
[TimeControl "180"]

1. e4 e5 2. Nf3 Nc6 3. Nc3 Nf6 4. Nxe5 Nxe5 5. d4 Nc6 6. d5 Bb4 7. dxc6 Nxe4 8.
Qd4 Qe7 9. Be3 O-O 10. Bd3 d5 11. Bxe4 Qxe4 12. Qxe4 dxe4 13. cxb7 Bxc3+ 14.
bxc3 Bxb7 15. O-O-O Bc6 16. Rd4 a5 17. Rc4 Ra6 18. a3 f5 19. g3 Rf7 20. Rd1 Re7
21. h4 Kf7 22. Bg5 Re6 23. h5 Rd6 24. Rdd4 Ke6 25. Bf4 Rxd4 26. Rxd4 a4 27.
Bxc7 Bd5 28. c4 Bb7 29. Bf4 Rc6 30. Kd2 Ba6 31. Kc3 Rb6 32. c5 Rc6 33. Rd6+
Rxd6 34. cxd6 Bb5 35. Kb4 Bd7 36. c4 g6 37. hxg6 hxg6 38. Kc5 Kf6 39. Kb6 Ke6
40. c5 {Normal} 1-0

[Event "Rated Blitz tournament wNi2U5JG"]
[Site "?"]
[Date "2021.05.06"]
[Round "?"]
[White "GeorgeQartveli"]
[Black "unBEARableBEAR"]
[Result "1-0"]
[ECO "C46"]
[WhiteElo "2219"]
[BlackElo "2469"]
[PlyCount "111"]
[EventDate "2021.??.??"]
[EventType "blitz"]
[TimeControl "300"]

1. e4 e5 2. Nf3 Nc6 3. Nc3 Nf6 4. Nxe5 Nxe5 5. d4 Ng6 6. e5 Be7 7. exf6 Bxf6 8.
Bc4 O-O 9. O-O Ne7 10. d5 d6 11. Ne4 Ng6 12. Nxf6+ Qxf6 13. Be3 Bd7 14. c3 Rfe8
15. Qd2 h6 16. Rae1 Ne5 17. Be2 Qh4 18. Bf4 Re7 19. Bg3 Qf6 20. f4 Ng6 21. Bd3
Bf5 22. Rxe7 Nxe7 23. Re1 Nxd5 24. Ba6 bxa6 25. Qxd5 Rb8 26. Re2 h5 27. Bf2 Be6
28. Qe4 c5 29. a3 Qf5 30. Qxf5 Bxf5 31. Rd2 Rb6 32. b4 cxb4 33. Bxb6 bxc3 34.
Rxd6 axb6 35. Rxb6 c2 36. Rc6 Kf8 37. Kf2 Ke7 38. Ke3 Kd7 39. Rc3 Kd6 40. Kd2
Kd5 41. Re3 Kd6 42. g3 g6 43. Re5 f6 44. Ra5 Bd3 45. Ra4 Kc5 46. Ra5+ Kd4 47.
Ra4+ Kc5 48. Rb4 a5 49. Rb3 Be4 50. a4 Bc6 51. Rc3+ Kd5 52. Kxc2 Bxa4+ 53. Kd3
Bd7 54. Rc7 Bf5+ 55. Ke3 Kd6 56. Ra7 {Normal} 1-0

[Event "Rated Blitz game"]
[Site "?"]
[Date "2021.05.05"]
[Round "?"]
[White "Ricardo_Airado"]
[Black "ApolloAGAPAY"]
[Result "0-1"]
[ECO "C46"]
[WhiteElo "2348"]
[BlackElo "2403"]
[PlyCount "110"]
[EventDate "2021.??.??"]
[EventType "blitz"]
[TimeControl "180"]

1. e4 e5 2. Nf3 Nc6 3. Nc3 Nf6 4. Nxe5 Nxe5 5. d4 Ng6 6. e5 Ng8 7. Bc4 Bb4 8.
Qf3 Qe7 9. O-O Bxc3 10. bxc3 Nh6 11. Bxh6 gxh6 12. Qe3 O-O 13. f4 c6 14. f5 d5
15. Bd3 Qg5 16. Qxg5 hxg5 17. fxg6 hxg6 18. Rf6 Kg7 19. Raf1 Bd7 20. Rd6 Rad8
21. Rff6 Bc8 22. Kf2 Rxd6 23. Rxd6 Re8 24. Kg3 Be6 25. Be2 Kf8 26. Bg4 Ke7 27.
Bxe6 fxe6 28. Kg4 Rf8 29. Kxg5 Rf2 30. h4 Rxg2+ 31. Kh6 Rh2 32. Kg5 Rh3 33. a4
a5 34. c4 dxc4 35. d5 cxd5 36. Rb6 d4 37. Rxb7+ Kd8 38. Kf6 Rxh4 39. Kxe6 Re4
40. Kd6 Kc8 41. Rh7 d3 42. cxd3 cxd3 43. Rh3 Rd4+ 44. Ke7 d2 45. Rh1 d1=Q 46.
Rxd1 Rxd1 47. Kf6 Re1 48. e6 Kd8 49. Kf7 g5 50. Kf6 g4 51. Kf5 g3 52. Kf4 g2
53. Kf5 g1=Q 54. Kf6 Qf2+ 55. Kg5 Rg1+ {Normal} 0-1

[Event "Rated Blitz tournament hTHj8yPo"]
[Site "?"]
[Date "2021.05.05"]
[Round "?"]
[White "kpa74"]
[Black "Souren"]
[Result "0-1"]
[ECO "C46"]
[WhiteElo "2290"]
[BlackElo "2556"]
[PlyCount "58"]
[EventDate "2021.??.??"]
[EventType "blitz"]
[TimeControl "300"]

1. e4 e5 2. Nf3 Nc6 3. Nc3 Nf6 4. Nxe5 Nxe5 5. d4 Ng6 6. e5 Bb4 7. exf6 Qxf6 8.
Be3 O-O 9. a3 Ba5 10. b4 Bb6 11. Nd5 Qh4 12. c4 c6 13. Nxb6 axb6 14. Be2 d6 15.
O-O Bf5 16. Bf3 Rfe8 17. Qd2 h6 18. Rfe1 Be4 19. g3 Qh3 20. Bxe4 Rxe4 21. f3
Re7 22. Bf2 Rxe1+ 23. Qxe1 Qf5 24. Qe4 Qxe4 25. fxe4 f6 26. Re1 Rxa3 27. e5
fxe5 28. dxe5 Nxe5 29. c5 Nf3+ {Normal} 0-1

[Event "Rated Blitz game"]
[Site "?"]
[Date "2021.05.05"]
[Round "?"]
[White "Tal99"]
[Black "AMR25"]
[Result "1-0"]
[ECO "C46"]
[WhiteElo "2445"]
[BlackElo "2496"]
[PlyCount "101"]
[EventDate "2021.??.??"]
[EventType "blitz"]
[TimeControl "180+2"]

1. e4 e5 2. Nf3 Nc6 3. Nc3 Nf6 4. Nxe5 Nxe5 5. d4 Nc6 6. d5 Be7 7. dxc6 dxc6 8.
Bf4 O-O 9. Qxd8 Bxd8 10. Be2 Re8 11. O-O-O Be6 12. h3 a5 13. g4 a4 14. a3 Nd7
15. Bg3 Bf6 16. f4 Bxc3 17. bxc3 Nb6 18. f5 Bc4 19. Bd3 Rac8 20. Bf2 Bxd3 21.
cxd3 Nd7 22. Bg3 Nc5 23. Kc2 f6 24. Rhe1 Kf7 25. h4 h6 26. Bf4 Re7 27. g5 hxg5
28. hxg5 Rd7 29. g6+ Kg8 30. Be3 Nb3 31. Rh1 Rcd8 32. Rh3 Kf8 33. Bf2 Ke7 34.
Rh7 Rg8 35. Rdh1 Kf8 36. R1h3 b6 37. Rh8 c5 38. Rxg8+ Kxg8 39. Bg3 Na1+ 40. Kd2
Nb3+ 41. Ke3 Nc1 42. d4 Nb3 43. d5 c4 44. Rh7 Nc5 45. Kd4 Re7 46. e5 fxe5+ 47.
Bxe5 Nd7 48. f6 Rxe5 49. Rxg7+ Kf8 50. Rxd7 Re8 51. g7+ {Normal} 1-0